Tamiflu vs Remparts
Created - 3 février 2017 at 19:07
Goals
|
| Tamiflu |
0 |
1 |
3 |
4 |
| Remparts |
0 |
0 |
1 |
1 |
|
Shots
|
| Tamiflu |
7 |
7 |
18 |
32 |
| Remparts |
7 |
12 |
10 |
29 |
|
1st period
No Goal
Penalties :
Philip Samuelsson (Det) for Holding (Minor) at 7:33, Nino Niederreiter (Det) for Hooking (Minor) at 12:16
2nd period
1. Tamiflu , Tye McGinn 8 (Mike Duco, Jamie Arniel) at 4:50
Penalties :
Nate Guenin (Que) for High sticking (Minor) at 6:28, Ty Wishart (Que) for Cross-checking (Minor) at 17:58
3rd period
2. Remparts , Pasi Salonen 19 (Guillaume Desbiens) at 0:14
3. Tamiflu , Robert Dome 16 (Jordan Hendry) at 5:52
4. Tamiflu , Tye McGinn 9 (Jordan Hendry) at 6:43 (PP)
5. Tamiflu , Nino Niederreiter 16 (Colin Greening, Jan Mursak) at 18:43
Penalties :
Jonathan Matsumoto (Que) for High sticking (Minor) at 6:11, Greg Mauldin (Det) for Roughing (Minor) at 11:40, Stefan Elliott (Det) for Slashing (Minor) at 14:01
Goalie Stats
Joe Fallon (Det), 28 saves from 29 shots - (0,966), W, 1-0-0, 60:00 minutes
Petr Mrazek (Que), 28 saves from 32 shots - (0,875), L, 11-9-1, 60:00 minutes
Players Stats for Tamiflu
Player Name G A P +/- PIM S H SB GA TA FO MP PP MP PK MP
------------------------------------------------------------------------------------
Adam Larsson 0 0 0 2 0 0 1 1 0 0 0/0 21:15 1:23 3:59
Casey Wellman 0 0 0 0 0 0 0 0 0 0 0/0 5:21 0:00 0:14
Colin Greening 0 1 1 1 0 2 2 0 0 0 4/4 14:01 0:07 0:49
Greg Mauldin 0 0 0 0 2 2 0 0 3 0 10/28 20:28 2:25 2:50
Jamie Arniel 0 1 1 1 0 0 3 0 0 0 6/9 16:00 1:58 0:00
Jan Mursak 0 1 1 1 0 0 1 0 1 1 1/1 14:58 0:00 1:59
Jordan Hendry 0 2 2 0 0 4 3 2 2 0 0/0 26:46 3:07 4:16
Justin Braun 0 0 0 0 0 1 0 1 0 1 0/0 12:18 0:00 0:00
Lucas Lessio 0 0 0 0 0 0 0 0 0 0 0/0 5:25 0:07 2:03
Mike Duco 0 1 1 1 0 4 5 0 2 0 1/1 17:45 1:58 1:56
Nathan Oystrick 0 0 0 0 0 1 2 1 0 1 0/0 26:26 3:07 4:06
Nino Niederreiter 1 0 1 1 2 6 1 1 1 0 1/1 13:35 0:07 0:00
Petr Pohl 0 0 0 0 0 1 2 1 0 0 0/2 19:11 2:25 1:56
Philip Samuelsson 0 0 0 2 2 1 0 1 1 0 0/0 20:03 1:23 2:38
Rich Clune 0 0 0 0 0 0 0 0 0 0 0/0 5:07 0:00 0:00
Robert Dome 1 0 1 0 0 4 2 0 3 1 0/4 23:26 2:25 3:26
Stefan Elliott 0 0 0 0 2 0 2 0 0 0 0/0 13:16 0:00 0:53
Tye McGinn 2 0 2 1 0 6 3 0 1 0 0/0 16:39 1:58 0:39
Players Stats for Remparts
Player Name G A P +/- PIM S H SB GA TA FO MP PP MP PK MP
------------------------------------------------------------------------------------
Brandon Gormley 0 0 0 0 0 0 0 0 0 0 0/0 12:59 0:00 1:51
Cédric Lalonde-McNicoll 0 0 0 0 0 2 3 1 0 0 5/11 15:32 3:49 0:00
Dale Weise 0 0 0 0 0 0 2 0 0 0 0/1 9:09 0:00 0:00
Erik Gustafsson 0 0 0 0 0 0 0 0 0 0 0/0 11:06 0:00 0:00
Geordie Wudrick 0 0 0 0 0 0 2 0 0 1 0/0 9:09 0:00 0:00
Guillaume Desbiens 0 1 1 -2 0 5 3 1 1 2 4/5 21:41 4:04 2:36
Jarod Palmer 0 0 0 0 0 1 2 0 0 1 2/4 11:30 0:11 0:00
Johannes Salmonsson 0 0 0 0 0 2 2 1 1 1 0/0 17:25 3:49 1:37
Jonathan Cheechoo 0 0 0 0 0 2 2 1 0 1 0/0 15:25 3:47 0:00
Jonathan Matsumoto 0 0 0 -2 2 1 4 0 0 0 16/27 20:02 4:04 0:55
Luca Caputi 0 0 0 0 0 1 3 0 0 0 0/0 11:57 0:03 0:12
Max Reinhart 0 0 0 0 0 1 0 0 0 1 0/2 10:45 0:00 1:06
Nate Guenin 0 0 0 0 2 0 3 2 1 2 0/0 20:39 3:52 1:12
Pasi Salonen 1 0 1 -2 0 6 1 0 0 0 0/0 21:21 4:00 2:34
Petr Straka 0 0 0 0 0 1 0 0 0 0 0/0 11:08 0:01 0:00
Radko Gudas 0 0 0 -2 0 4 1 5 1 2 0/0 27:58 4:04 2:39
Ty Wishart 0 0 0 0 2 0 2 0 0 0 0/0 19:54 3:52 0:57
William Colbert 0 0 0 -2 0 3 0 1 0 3 0/0 27:47 4:04 2:21
3 Stars
1 - Tye McGinn (Det)
2 - Joe Fallon (Det)
3 - Jordan Hendry (Det)
Power Play
Tamiflu - 1 on 3 Attempt(s) - 33,33%
Remparts - 0 on 4 Attempt(s) - 0,00%
Penalty Kill
Tamiflu - 4 on 4 Attempt(s) - 100,00%
- Score 0 goal in Penalty Kill
Remparts - 2 on 3 Attempt(s) - 66,67%
- Score 0 goal in Penalty Kill
Team Stat
Tamiflu - Hits : 27 - Faceoff Wins : 23 - Blocked Shots : 8 - Penalty Minutes : 8
Remparts - Hits : 30 - Faceoff Wins : 27 - Blocked Shots : 12 - Penalty Minutes : 6
Official
Referees : Leggo Mike and Kimmerly Greg
Linesman : David Brisebois and Jonny Murray
Game Notes
No Game Note
Finance
Level 1 -- Attendance: 1547 (77,35%) -- Ticket Income 38 675 $
Level 2 -- Attendance: 687 (68,70%) -- Ticket Income 10 305 $
Total Attendance: 2234 (74,47%)
Total Ticket Income: 48 980 $
Other Income: 2 449 $
Total Income: 51 429 $
Tamiflu
5 vs 5 Forward
Center Left Wing Right Wing Time % Phy DF OF
1 Greg Mauldin Robert Dome Petr Pohl 40 1 2 2
2 Jamie Arniel Tye McGinn Mike Duco 30 1 2 2
3 Colin Greening Jan Mursak Nino Niederreiter 20 1 2 2
4 Casey Wellman Rich Clune Robert Dome 10 1 2 2
5 vs 5 Defense
Defense Defense Time % Phy DF OF
1 Nathan Oystrick Jordan Hendry 40 1 2 2
2 Philip Samuelsson Adam Larsson 30 1 2 2
3 Justin Braun Stefan Elliott 20 1 2 2
4 Nathan Oystrick Jordan Hendry 10 1 2 2
PowerPlay Forward
Center Left Wing Right Wing Time % Phy DF OF
1 Greg Mauldin Robert Dome Petr Pohl 60 1 2 2
2 Jamie Arniel Tye McGinn Mike Duco 40 1 2 2
PowerPlay Defense
Defense Defense Time % Phy DF OF
1 Nathan Oystrick Jordan Hendry 60 1 2 2
2 Philip Samuelsson Adam Larsson 40 1 2 2
Penalty Kill 4 Players Forward
Center Wing Time % Phy DF OF
1 Robert Dome Greg Mauldin 60 1 2 2
2 Petr Pohl Mike Duco 40 1 2 2
Penalty Kill 4 Players Defense
Defense Defense Time % Phy DF OF
1 Nathan Oystrick Jordan Hendry 60 1 2 2
2 Philip Samuelsson Adam Larsson 40 1 2 2
Penalty Kill - 3 Players Forward
Forward Time % Phy DF OF
1 Robert Dome 60 1 2 2
2 Greg Mauldin 40 1 2 2
Penalty Kill - 3 Players Defense
Defense Defense Time % Phy DF OF
1 Nathan Oystrick Jordan Hendry 60 1 2 2
2 Philip Samuelsson Adam Larsson 40 1 2 2
4 vs 4 Forward
Center Wing Time % Phy DF OF
1 Robert Dome Greg Mauldin 60 1 2 2
2 Petr Pohl Mike Duco 40 1 2 2
4 vs 4 Defense
Defense Defense Time % Phy DF OF
1 Nathan Oystrick Jordan Hendry 60 1 2 2
2 Philip Samuelsson Adam Larsson 40 1 2 2
Last Minutes Offensive
Center Left Wing Right Wing Defense Defense
Greg Mauldin Robert Dome Petr Pohl Nathan Oystrick Jordan Hendry
Last Minutes Defensive
Center Left Wing Right Wing Defense Defense
Greg Mauldin Robert Dome Petr Pohl Nathan Oystrick Jordan Hendry
Goaltenders
Starting : Joe Fallon
Backup : Thomas Greiss
Extra Forwards
Normal : Lucas Lessio, Nino Niederreiter, Jan Mursak - PP : Lucas Lessio, Nino Niederreiter - PK : Jan Mursak
Extra Defensemen
Normal : Justin Braun, Stefan Elliott, Philip Samuelsson - PP : Justin Braun - PK : Stefan Elliott, Philip Samuelsson
Penalty Shots
Robert Dome, Greg Mauldin, Petr Pohl, Mike Duco, Jamie Arniel
Remparts
5 vs 5 Forward
Center Left Wing Right Wing Time % Phy DF OF
1 Jonathan Matsumoto Pasi Salonen Guillaume Desbiens 40 1 2 2
2 Cédric Lalonde-McNicoll Johannes Salmonsson Jonathan Cheechoo 30 1 2 2
3 Jarod Palmer Luca Caputi Petr Straka 20 1 2 2
4 Max Reinhart Geordie Wudrick Dale Weise 10 1 2 2
5 vs 5 Defense
Defense Defense Time % Phy DF OF
1 Radko Gudas William Colbert 40 1 2 2
2 Nate Guenin Ty Wishart 30 1 2 2
3 Erik Gustafsson Brandon Gormley 20 1 2 2
4 Radko Gudas William Colbert 10 1 2 2
PowerPlay Forward
Center Left Wing Right Wing Time % Phy DF OF
1 Jonathan Matsumoto Pasi Salonen Guillaume Desbiens 60 1 2 2
2 Cédric Lalonde-McNicoll Johannes Salmonsson Jonathan Cheechoo 40 1 2 2
PowerPlay Defense
Defense Defense Time % Phy DF OF
1 Radko Gudas William Colbert 60 1 2 2
2 Nate Guenin Ty Wishart 40 1 2 2
Penalty Kill 4 Players Forward
Center Wing Time % Phy DF OF
1 Guillaume Desbiens Pasi Salonen 60 1 2 2
2 Jonathan Matsumoto Johannes Salmonsson 40 1 2 2
Penalty Kill 4 Players Defense
Defense Defense Time % Phy DF OF
1 Radko Gudas William Colbert 60 1 2 2
2 Nate Guenin Ty Wishart 40 1 2 2
Penalty Kill - 3 Players Forward
Forward Time % Phy DF OF
1 Guillaume Desbiens 60 1 2 2
2 Pasi Salonen 40 1 2 2
Penalty Kill - 3 Players Defense
Defense Defense Time % Phy DF OF
1 Radko Gudas William Colbert 60 1 2 2
2 Nate Guenin Ty Wishart 40 1 2 2
4 vs 4 Forward
Center Wing Time % Phy DF OF
1 Guillaume Desbiens Pasi Salonen 60 1 2 2
2 Jonathan Matsumoto Johannes Salmonsson 40 1 2 2
4 vs 4 Defense
Defense Defense Time % Phy DF OF
1 Radko Gudas William Colbert 60 1 2 2
2 Nate Guenin Ty Wishart 40 1 2 2
Last Minutes Offensive
Center Left Wing Right Wing Defense Defense
Jonathan Matsumoto Pasi Salonen Guillaume Desbiens Radko Gudas William Colbert
Last Minutes Defensive
Center Left Wing Right Wing Defense Defense
Jonathan Matsumoto Pasi Salonen Guillaume Desbiens Radko Gudas William Colbert
Goaltenders
Starting : Petr Mrazek
Backup : Tyler Plante
Extra Forwards
Normal : Jarod Palmer, Luca Caputi, Max Reinhart - PP : Jarod Palmer, Luca Caputi - PK : Max Reinhart
Extra Defensemen
Normal : Erik Gustafsson, Brandon Gormley, Nate Guenin - PP : Erik Gustafsson - PK : Brandon Gormley, Nate Guenin
Penalty Shots
Guillaume Desbiens, Pasi Salonen, Jonathan Matsumoto, Johannes Salmonsson, Jonathan Cheechoo
% Time on Ice - Tamiflu
Lines # - Real PCT - Wanted PCT - Time Play
Normal Forward
1 - 33% - 40% - 15:32
2 - 30% - 30% - 14:02
3 - 27% - 20% - 12:53
4 - 11% - 10% - 5:07
Normal Defense
1 - 37% - 40% - 17:36
2 - 33% - 30% - 15:48
3 - 26% - 20% - 12:18
4 - 4% - 10% - 1:52
PP Forward
1 - 56% - 60% - 2:32
2 - 44% - 40% - 1:58
PP Defense
1 - 69% - 60% - 3:07
2 - 31% - 40% - 1:23
PK Forward
1 - 76% - 60% - 6:00
2 - 24% - 40% - 1:56
PK Defense
1 - 54% - 60% - 4:16
2 - 46% - 40% - 3:40
PK3 Forward
1 - 0% - 60%
2 - 0% - 40%
PK3 Defense
1 - 0% - 60%
2 - 0% - 40%
44 Forward
1 - 0% - 60%
2 - 0% - 40%
44 Defense
1 - 0% - 60%
2 - 0% - 40%
Last Minute Offensive - 0:00
Last Minute Defensive - 0:00
Total
Forward - 60:00
Defense - 60:00
|
% Time on Ice - Remparts
Lines # - Real PCT - Wanted PCT - Time Play
Normal Forward
1 - 33% - 40% - 15:29
2 - 26% - 30% - 12:08
3 - 23% - 20% - 10:48
4 - 19% - 10% - 9:09
Normal Defense
1 - 41% - 40% - 19:42
2 - 32% - 30% - 15:06
3 - 23% - 20% - 11:06
4 - 4% - 10% - 1:40
PP Forward
1 - 52% - 60% - 4:07
2 - 48% - 40% - 3:49
PP Defense
1 - 51% - 60% - 4:04
2 - 49% - 40% - 3:52
PK Forward
1 - 81% - 60% - 3:38
2 - 19% - 40% - 0:52
PK Defense
1 - 52% - 60% - 2:21
2 - 48% - 40% - 2:09
PK3 Forward
1 - 0% - 60%
2 - 0% - 40%
PK3 Defense
1 - 0% - 60%
2 - 0% - 40%
44 Forward
1 - 0% - 60%
2 - 0% - 40%
44 Defense
1 - 0% - 60%
2 - 0% - 40%
Last Minute Offensive - 0:00
Last Minute Defensive - 0:00
Total
Forward - 60:00
Defense - 60:00
|
Play by Play
1st period
0:01 of 1st period - Greg Mauldin wins face-off versus Jonathan Matsumoto in neutral zone.
0:27 of 1st period - Mike Duco is hit by Cédric Lalonde-McNicoll and loses puck.
0:37 of 1st period - Icing by William Colbert.
0:38 of 1st period - Nino Niederreiter wins face-off versus Cédric Lalonde-McNicoll in Remparts zone.
0:41 of 1st period - Wrist shot by Nino Niederreiter.
0:41 of 1st period - Deflect By Jan Mursak.
0:41 of 1st period - Shot Blocked by Jonathan Cheechoo.
0:41 of 1st period - Puck is out of play.
0:42 of 1st period - Colin Greening wins face-off versus Jarod Palmer in Remparts zone.
1:08 of 1st period - Rich Clune is hit by Dale Weise and loses puck.
1:33 of 1st period - Wrist shot by Tye McGinn.
1:33 of 1st period - Stopped by Petr Mrazek with a rebound.
1:41 of 1st period - Snap shot by Max Reinhart.
1:41 of 1st period - Stopped by Joe Fallon with a rebound.
1:54 of 1st period - Off-side.
1:55 of 1st period - Greg Mauldin wins face-off versus Jonathan Matsumoto in neutral zone.
2:00 of 1st period - Snap shot by Robert Dome.
2:00 of 1st period - Stopped by Petr Mrazek with a rebound.
2:02 of 1st period - Wrist shot by Jordan Hendry.
2:02 of 1st period - Shot Misses the Net.
2:10 of 1st period - Snap shot by Petr Pohl.
2:10 of 1st period - Deflect By Jonathan Matsumoto.
2:10 of 1st period - Stopped by Petr Mrazek with a rebound.
2:20 of 1st period - Nathan Oystrick is hit by Jonathan Cheechoo.
2:24 of 1st period - Snap shot by Nino Niederreiter.
2:24 of 1st period - Stopped by Petr Mrazek with a rebound.
2:42 of 1st period - Slapshot by Luca Caputi.
2:42 of 1st period - Shot Misses the Net.
2:48 of 1st period - Luca Caputi is hit by Adam Larsson.
3:26 of 1st period - Cédric Lalonde-McNicoll is hit by Robert Dome and loses puck.
3:38 of 1st period - Icing by William Colbert.
3:39 of 1st period - Colin Greening wins face-off versus Cédric Lalonde-McNicoll in Remparts zone.
3:46 of 1st period - Snap shot by Jan Mursak.
3:46 of 1st period - Shot Misses the Net.
4:06 of 1st period - Wrist shot by Jonathan Cheechoo.
4:06 of 1st period - Deflect By Cédric Lalonde-McNicoll.
4:06 of 1st period - Stopped by Joe Fallon with a rebound.
4:15 of 1st period - Slapshot by William Colbert.
4:15 of 1st period - Shot Misses the Net.
4:17 of 1st period - Wrist shot by Cédric Lalonde-McNicoll.
4:17 of 1st period - Shot Blocked by Jordan Hendry.
4:29 of 1st period - Snap shot by Cédric Lalonde-McNicoll.
4:29 of 1st period - Shot Blocked by Nino Niederreiter.
4:31 of 1st period - Wrist shot by Jonathan Cheechoo.
4:31 of 1st period - Stopped by Joe Fallon without a rebound.
4:32 of 1st period - Jonathan Matsumoto wins face-off versus Greg Mauldin in Tamiflu zone.
4:37 of 1st period - Snap shot by Pasi Salonen.
4:37 of 1st period - Stopped by Joe Fallon without a rebound.
4:38 of 1st period - Jonathan Matsumoto wins face-off versus Greg Mauldin in Tamiflu zone.
4:47 of 1st period - Snap shot by Pasi Salonen.
4:47 of 1st period - Shot Misses the Net.
4:49 of 1st period - Wrist shot by Pasi Salonen.
4:49 of 1st period - Shot Blocked by Philip Samuelsson.
4:51 of 1st period - Snap shot by Guillaume Desbiens.
4:51 of 1st period - Shot Misses the Net.
5:25 of 1st period - Slapshot by Nate Guenin.
5:25 of 1st period - Shot Blocked by Jordan Hendry.
5:51 of 1st period - Snap shot by Pasi Salonen.
5:51 of 1st period - Stopped by Joe Fallon with a rebound.
6:24 of 1st period - Snap shot by Cédric Lalonde-McNicoll.
6:24 of 1st period - Deflect By Stefan Elliott.
6:24 of 1st period - Shot Misses the Net.
6:24 of 1st period - Puck is out of play.
6:25 of 1st period - Jamie Arniel wins face-off versus Jonathan Matsumoto in Tamiflu zone.
6:40 of 1st period - Backhand shot by Tye McGinn.
6:40 of 1st period - Stopped by Petr Mrazek with a rebound.
7:33 of 1st period - Minor Penalty to Philip Samuelsson for Holding.
7:34 of 1st period - Jonathan Matsumoto wins face-off versus Robert Dome in Tamiflu zone.
7:51 of 1st period - Nathan Oystrick is hit by Guillaume Desbiens and loses puck.
9:02 of 1st period - Guillaume Desbiens is hit by Nathan Oystrick.
9:33 of 1st period - Penalty to Philip Samuelsson is over, Philip Samuelsson is back on ice.
9:43 of 1st period - Jamie Arniel is hit by Geordie Wudrick and loses puck.
11:15 of 1st period - Cédric Lalonde-McNicoll is hit by Nathan Oystrick and loses puck.
11:22 of 1st period - Snap shot by Rich Clune.
11:22 of 1st period - Shot Blocked by Cédric Lalonde-McNicoll.
11:24 of 1st period - Snap shot by Justin Braun.
11:24 of 1st period - Stopped by Petr Mrazek with a rebound.
11:26 of 1st period - Wrist shot by Jordan Hendry.
11:26 of 1st period - Stopped by Petr Mrazek without a rebound.
11:27 of 1st period - Jarod Palmer wins face-off versus Jamie Arniel in Remparts zone.
11:27 of 1st period - Jarod Palmer is hit by Jamie Arniel.
11:35 of 1st period - Wrist shot by Petr Straka.
11:35 of 1st period - Stopped by Joe Fallon with a rebound.
11:41 of 1st period - Jarod Palmer is hit by Mike Duco and loses puck.
11:54 of 1st period - Greg Mauldin is hit by Nate Guenin and loses puck.
12:16 of 1st period - Minor Penalty to Nino Niederreiter for Hooking.
12:17 of 1st period - Jonathan Matsumoto wins face-off versus Robert Dome in Tamiflu zone.
12:54 of 1st period - Mike Duco is hit by Cédric Lalonde-McNicoll and loses puck.
13:05 of 1st period - Robert Dome is hit by Guillaume Desbiens and loses puck.
13:44 of 1st period - Radko Gudas is hit by Jan Mursak and loses puck.
14:09 of 1st period - Jonathan Cheechoo is hit by Mike Duco and loses puck.
14:16 of 1st period - Penalty to Nino Niederreiter is over, Nino Niederreiter is back on ice.
14:45 of 1st period - Max Reinhart is hit by Jamie Arniel.
15:02 of 1st period - Radko Gudas is hit by Colin Greening.
15:14 of 1st period - Guillaume Desbiens is hit by Tye McGinn and loses puck.
15:31 of 1st period - Erik Gustafsson is hit by Jordan Hendry and loses puck.
16:36 of 1st period - Rich Clune is hit by Pasi Salonen and loses puck.
16:51 of 1st period - Slapshot by Pasi Salonen.
16:51 of 1st period - Stopped by Joe Fallon with a rebound.
17:38 of 1st period - Jan Mursak is hit by Jarod Palmer and loses puck.
18:29 of 1st period - Philip Samuelsson is hit by Luca Caputi and loses puck.
18:40 of 1st period - Jonathan Matsumoto is hit by Mike Duco and loses puck.
19:13 of 1st period - Icing by Jordan Hendry.
19:14 of 1st period - Greg Mauldin wins face-off versus Dale Weise in Tamiflu zone.
19:14 of 1st period - Greg Mauldin is hit by Dale Weise.
19:24 of 1st period - Snap shot by Petr Pohl.
19:24 of 1st period - Shot Blocked by Nate Guenin.
19:50 of 1st period - Snap shot by Brandon Gormley.
19:50 of 1st period - Shot Misses the Net.
Goals for this period are 0 for Tamiflu vs 0 for Remparts.
Shots for this period are 7 for Tamiflu vs 7 for Remparts.
2nd period
0:01 of 2nd period - Greg Mauldin wins face-off versus Jonathan Matsumoto in neutral zone.
1:14 of 2nd period - Slapshot by Pasi Salonen.
1:14 of 2nd period - Stopped by Joe Fallon with a rebound.
1:16 of 2nd period - Slapshot by Guillaume Desbiens.
1:16 of 2nd period - Shot Misses the Net.
1:34 of 2nd period - Snap shot by Jamie Arniel.
1:34 of 2nd period - Deflect By Cédric Lalonde-McNicoll.
1:34 of 2nd period - Shot Blocked by Johannes Salmonsson.
1:34 of 2nd period - Puck is out of play.
1:35 of 2nd period - Jamie Arniel wins face-off versus Guillaume Desbiens in Remparts zone.
2:04 of 2nd period - Slapshot by Guillaume Desbiens.
2:04 of 2nd period - Deflect By Johannes Salmonsson.
2:04 of 2nd period - Shot Blocked by Justin Braun.
2:04 of 2nd period - Puck is out of play.
2:05 of 2nd period - Cédric Lalonde-McNicoll wins face-off versus Greg Mauldin in Tamiflu zone.
2:14 of 2nd period - Snap shot by Cédric Lalonde-McNicoll.
2:14 of 2nd period - Stopped by Joe Fallon with a rebound.
2:45 of 2nd period - Pasi Salonen is hit by Petr Pohl.
2:57 of 2nd period - Jarod Palmer is hit by Mike Duco and loses puck.
3:04 of 2nd period - Slapshot by William Colbert.
3:04 of 2nd period - Stopped by Joe Fallon with a rebound.
3:14 of 2nd period - Wrist shot by Mike Duco.
3:14 of 2nd period - Stopped by Petr Mrazek without a rebound.
3:15 of 2nd period - Colin Greening wins face-off versus Max Reinhart in Remparts zone.
3:53 of 2nd period - Wrist shot by William Colbert.
3:53 of 2nd period - Deflect By Dale Weise.
3:53 of 2nd period - Shot Misses the Net.
3:53 of 2nd period - Puck is out of play.
3:54 of 2nd period - Jonathan Matsumoto wins face-off versus Greg Mauldin in Tamiflu zone.
3:55 of 2nd period - Snap shot by Guillaume Desbiens.
3:55 of 2nd period - Stopped by Joe Fallon without a rebound.
3:56 of 2nd period - Jonathan Matsumoto wins face-off versus Greg Mauldin in Tamiflu zone.
3:59 of 2nd period - Slapshot by Guillaume Desbiens.
3:59 of 2nd period - Shot Blocked by Petr Pohl.
4:07 of 2nd period - Snap shot by Jonathan Matsumoto.
4:07 of 2nd period - Stopped by Joe Fallon with a rebound.
4:21 of 2nd period - Tye McGinn is hit by Nate Guenin and loses puck.
4:25 of 2nd period - Icing by Philip Samuelsson.
4:26 of 2nd period - Jamie Arniel wins face-off versus Jonathan Matsumoto in Tamiflu zone.
4:26 of 2nd period - Jamie Arniel is hit by Jonathan Matsumoto.
4:50 of 2nd period - Wrist shot by Tye McGinn.
4:50 of 2nd period - Goal by Tye McGinn - Tamiflu : 1 - Remparts : 0.
4:51 of 2nd period - Jonathan Matsumoto wins face-off versus Greg Mauldin in neutral zone.
4:56 of 2nd period - Slapshot by Radko Gudas.
4:56 of 2nd period - Stopped by Joe Fallon without a rebound.
4:57 of 2nd period - Jonathan Matsumoto wins face-off versus Greg Mauldin in Tamiflu zone.
5:51 of 2nd period - Off-side.
5:52 of 2nd period - Jonathan Matsumoto wins face-off versus Greg Mauldin in neutral zone.
6:08 of 2nd period - Snap shot by Guillaume Desbiens.
6:08 of 2nd period - Stopped by Joe Fallon with a rebound.
6:28 of 2nd period - Minor Penalty to Nate Guenin for High sticking.
6:29 of 2nd period - Guillaume Desbiens wins face-off versus Greg Mauldin in Remparts zone.
6:42 of 2nd period - Slapshot by Jordan Hendry.
6:42 of 2nd period - Deflect By Guillaume Desbiens.
6:42 of 2nd period - Stopped by Petr Mrazek with a rebound.
6:44 of 2nd period - Slapshot by Nathan Oystrick.
6:44 of 2nd period - Shot Blocked by Radko Gudas.
8:28 of 2nd period - Penalty to Nate Guenin is over, Nate Guenin is back on ice.
8:31 of 2nd period - Jonathan Matsumoto is hit by Colin Greening and loses puck.
8:54 of 2nd period - Snap shot by Jonathan Cheechoo.
8:54 of 2nd period - Shot Misses the Net.
9:55 of 2nd period - Slapshot by Jarod Palmer.
9:55 of 2nd period - Stopped by Joe Fallon with a rebound.
11:02 of 2nd period - Philip Samuelsson is hit by Geordie Wudrick.
11:06 of 2nd period - William Colbert is hit by Tye McGinn and loses puck.
11:17 of 2nd period - Max Reinhart is hit by Nino Niederreiter and loses puck.
11:30 of 2nd period - Justin Braun is hit by Jonathan Matsumoto and loses puck.
11:37 of 2nd period - Slapshot by Guillaume Desbiens.
11:37 of 2nd period - Stopped by Joe Fallon with a rebound.
11:39 of 2nd period - Snap shot by Pasi Salonen.
11:39 of 2nd period - Stopped by Joe Fallon without a rebound.
11:40 of 2nd period - Cédric Lalonde-McNicoll wins face-off versus Jamie Arniel in Tamiflu zone.
11:54 of 2nd period - Wrist shot by Cédric Lalonde-McNicoll.
11:54 of 2nd period - Shot Blocked by Nathan Oystrick.
11:56 of 2nd period - Backhand shot by Jonathan Cheechoo.
11:56 of 2nd period - Stopped by Joe Fallon with a rebound.
13:02 of 2nd period - Snap shot by Radko Gudas.
13:02 of 2nd period - Stopped by Joe Fallon with a rebound.
13:16 of 2nd period - Slapshot by Radko Gudas.
13:16 of 2nd period - Shot Misses the Net.
13:48 of 2nd period - Wrist shot by Jan Mursak.
13:48 of 2nd period - Shot Misses the Net.
13:54 of 2nd period - Colin Greening is hit by Ty Wishart and loses puck.
14:07 of 2nd period - Slapshot by Jordan Hendry.
14:07 of 2nd period - Stopped by Petr Mrazek without a rebound.
14:08 of 2nd period - Greg Mauldin wins face-off versus Cédric Lalonde-McNicoll in Remparts zone.
14:53 of 2nd period - Jan Mursak is hit by Luca Caputi and loses puck.
15:16 of 2nd period - Justin Braun is hit by Nate Guenin and loses puck.
15:31 of 2nd period - Ty Wishart is hit by Tye McGinn.
16:15 of 2nd period - Nino Niederreiter is hit by Luca Caputi and loses puck.
16:30 of 2nd period - Jordan Hendry is hit by Cédric Lalonde-McNicoll and loses puck.
16:37 of 2nd period - Nathan Oystrick is hit by Radko Gudas and loses puck.
16:53 of 2nd period - Wrist shot by Nino Niederreiter.
16:53 of 2nd period - Shot Blocked by Radko Gudas.
16:55 of 2nd period - Wrist shot by Nino Niederreiter.
16:55 of 2nd period - Stopped by Petr Mrazek with a rebound.
17:17 of 2nd period - Snap shot by Jan Mursak.
17:17 of 2nd period - Shot Misses the Net.
17:19 of 2nd period - Slapshot by Philip Samuelsson.
17:19 of 2nd period - Deflect By William Colbert.
17:19 of 2nd period - Stopped by Petr Mrazek with a rebound.
17:39 of 2nd period - Snap shot by Jan Mursak.
17:39 of 2nd period - Shot Blocked by Radko Gudas.
17:41 of 2nd period - Snap shot by Nino Niederreiter.
17:41 of 2nd period - Deflect By Colin Greening.
17:41 of 2nd period - Stopped by Petr Mrazek without a rebound.
17:42 of 2nd period - Jonathan Matsumoto wins face-off versus Greg Mauldin in Remparts zone.
17:53 of 2nd period - Snap shot by Robert Dome.
17:53 of 2nd period - Shot Blocked by Nate Guenin.
17:58 of 2nd period - Minor Penalty to Ty Wishart for Cross-checking.
17:59 of 2nd period - Guillaume Desbiens wins face-off versus Greg Mauldin in Remparts zone.
17:59 of 2nd period - Guillaume Desbiens is hit by Jordan Hendry.
18:05 of 2nd period - Icing by Jordan Hendry.
18:06 of 2nd period - Guillaume Desbiens wins face-off versus Petr Pohl in Tamiflu zone.
19:58 of 2nd period - Penalty to Ty Wishart is over, Ty Wishart is back on ice.
Goals for this period are 1 for Tamiflu vs 0 for Remparts.
Shots for this period are 7 for Tamiflu vs 12 for Remparts.
3rd period
0:01 of 3rd period - Greg Mauldin wins face-off versus Jonathan Matsumoto in neutral zone.
0:14 of 3rd period - Wrist shot by Pasi Salonen.
0:14 of 3rd period - Goal by Pasi Salonen - Tamiflu : 1 - Remparts : 1.
0:15 of 3rd period - Jonathan Matsumoto wins face-off versus Greg Mauldin in neutral zone.
0:44 of 3rd period - William Colbert is hit by Jordan Hendry and loses puck.
0:51 of 3rd period - Wrist shot by Jamie Arniel.
0:51 of 3rd period - Shot Blocked by Radko Gudas.
1:07 of 3rd period - Slapshot by Petr Straka.
1:07 of 3rd period - Shot Blocked by Adam Larsson.
1:35 of 3rd period - Nate Guenin is hit by Petr Pohl and loses puck.
1:50 of 3rd period - Slapshot by Jamie Arniel.
1:50 of 3rd period - Shot Misses the Net.
1:58 of 3rd period - Max Reinhart is hit by Mike Duco and loses puck.
2:43 of 3rd period - Icing by Brandon Gormley.
2:44 of 3rd period - Jamie Arniel wins face-off versus Jarod Palmer in Remparts zone.
2:47 of 3rd period - Snap shot by Tye McGinn.
2:47 of 3rd period - Stopped by Petr Mrazek with a rebound.
2:49 of 3rd period - Snap shot by Jamie Arniel.
2:49 of 3rd period - Shot Misses the Net.
2:51 of 3rd period - Snap shot by Jamie Arniel.
2:51 of 3rd period - Deflect By Mike Duco.
2:51 of 3rd period - Stopped by Petr Mrazek with a rebound.
2:53 of 3rd period - Wrist shot by Mike Duco.
2:53 of 3rd period - Stopped by Petr Mrazek without a rebound.
2:54 of 3rd period - Jamie Arniel wins face-off versus Jonathan Matsumoto in Remparts zone.
2:55 of 3rd period - Wrist shot by Mike Duco.
2:55 of 3rd period - Shot Misses the Net.
2:57 of 3rd period - Snap shot by Nathan Oystrick.
2:57 of 3rd period - Stopped by Petr Mrazek with a rebound.
2:59 of 3rd period - Snap shot by Nathan Oystrick.
2:59 of 3rd period - Shot Misses the Net.
3:01 of 3rd period - Wrist shot by Tye McGinn.
3:01 of 3rd period - Stopped by Petr Mrazek with a rebound.
3:03 of 3rd period - Snap shot by Mike Duco.
3:03 of 3rd period - Shot Misses the Net.
3:35 of 3rd period - Slapshot by Mike Duco.
3:35 of 3rd period - Shot Misses the Net.
3:43 of 3rd period - Snap shot by Tye McGinn.
3:43 of 3rd period - Shot Blocked by William Colbert.
3:45 of 3rd period - Snap shot by Mike Duco.
3:45 of 3rd period - Shot Misses the Net.
4:04 of 3rd period - Off-side.
4:05 of 3rd period - Greg Mauldin wins face-off versus Cédric Lalonde-McNicoll in neutral zone.
4:18 of 3rd period - Wrist shot by Robert Dome.
4:18 of 3rd period - Stopped by Petr Mrazek with a rebound.
4:20 of 3rd period - Wrist shot by Greg Mauldin.
4:20 of 3rd period - Stopped by Petr Mrazek with a rebound.
4:30 of 3rd period - Colin Greening is hit by Jarod Palmer.
4:36 of 3rd period - Snap shot by Colin Greening.
4:36 of 3rd period - Stopped by Petr Mrazek with a rebound.
4:38 of 3rd period - Slapshot by Jan Mursak.
4:38 of 3rd period - Shot Misses the Net.
4:40 of 3rd period - Slapshot by Stefan Elliott.
4:40 of 3rd period - Shot Misses the Net.
5:22 of 3rd period - Off-side.
5:23 of 3rd period - Jarod Palmer wins face-off versus Greg Mauldin in neutral zone.
5:34 of 3rd period - Snap shot by Radko Gudas.
5:34 of 3rd period - Stopped by Joe Fallon with a rebound.
5:36 of 3rd period - Snap shot by Luca Caputi.
5:36 of 3rd period - Stopped by Joe Fallon without a rebound.
5:37 of 3rd period - Jonathan Matsumoto wins face-off versus Robert Dome in Tamiflu zone.
5:38 of 3rd period - Wrist shot by Guillaume Desbiens.
5:38 of 3rd period - Stopped by Joe Fallon without a rebound.
5:39 of 3rd period - Jonathan Matsumoto wins face-off versus Petr Pohl in Tamiflu zone.
5:40 of 3rd period - Snap shot by Pasi Salonen.
5:40 of 3rd period - Shot Misses the Net.
5:50 of 3rd period - Backhand shot by Robert Dome.
5:50 of 3rd period - Shot Misses the Net.
5:52 of 3rd period - Slapshot by Jordan Hendry.
5:52 of 3rd period - Deflect By Robert Dome.
5:52 of 3rd period - Goal by Robert Dome - Tamiflu : 2 - Remparts : 1.
5:53 of 3rd period - Jonathan Matsumoto wins face-off versus Greg Mauldin in neutral zone.
6:11 of 3rd period - Minor Penalty to Jonathan Matsumoto for High sticking.
6:12 of 3rd period - Guillaume Desbiens wins face-off versus Greg Mauldin in Remparts zone.
6:38 of 3rd period - Pasi Salonen is hit by Jamie Arniel and loses puck.
6:43 of 3rd period - Slapshot by Tye McGinn.
6:43 of 3rd period - Goal by Tye McGinn - Tamiflu : 3 - Remparts : 1.
6:44 of 3rd period - Cédric Lalonde-McNicoll wins face-off versus Greg Mauldin in neutral zone.
6:49 of 3rd period - Snap shot by Johannes Salmonsson.
6:49 of 3rd period - Stopped by Joe Fallon with a rebound.
6:51 of 3rd period - Slapshot by William Colbert.
6:51 of 3rd period - Stopped by Joe Fallon without a rebound.
6:52 of 3rd period - Greg Mauldin wins face-off versus Cédric Lalonde-McNicoll in Tamiflu zone.
6:52 of 3rd period - Greg Mauldin is hit by Jonathan Cheechoo.
7:00 of 3rd period - Slapshot by Greg Mauldin.
7:00 of 3rd period - Stopped by Petr Mrazek with a rebound.
7:26 of 3rd period - Nathan Oystrick is hit by Johannes Salmonsson and loses puck.
7:37 of 3rd period - Slapshot by Johannes Salmonsson.
7:37 of 3rd period - Deflect By Greg Mauldin.
7:37 of 3rd period - Stopped by Joe Fallon with a rebound.
7:39 of 3rd period - Snap shot by Cédric Lalonde-McNicoll.
7:39 of 3rd period - Shot Misses the Net.
7:41 of 3rd period - Wrist shot by William Colbert.
7:41 of 3rd period - Stopped by Joe Fallon without a rebound.
7:42 of 3rd period - Jamie Arniel wins face-off versus Jonathan Matsumoto in Tamiflu zone.
7:42 of 3rd period - Jamie Arniel is hit by Ty Wishart.
8:23 of 3rd period - Wrist shot by Nino Niederreiter.
8:23 of 3rd period - Stopped by Petr Mrazek with a rebound.
8:43 of 3rd period - Geordie Wudrick is hit by Stefan Elliott and loses puck.
9:00 of 3rd period - Wrist shot by Robert Dome.
9:00 of 3rd period - Shot Misses the Net.
9:04 of 3rd period - Wrist shot by Mike Duco.
9:04 of 3rd period - Shot Misses the Net.
9:06 of 3rd period - Wrist shot by Mike Duco.
9:06 of 3rd period - Stopped by Petr Mrazek without a rebound.
9:07 of 3rd period - Mike Duco wins face-off versus Cédric Lalonde-McNicoll in Remparts zone.
9:38 of 3rd period - Jan Mursak is hit by Jonathan Matsumoto and loses puck.
9:51 of 3rd period - Slapshot by Greg Mauldin.
9:51 of 3rd period - Shot Misses the Net.
9:53 of 3rd period - Snap shot by Greg Mauldin.
9:53 of 3rd period - Shot Misses the Net.
9:55 of 3rd period - Snap shot by Robert Dome.
9:55 of 3rd period - Shot Misses the Net.
9:57 of 3rd period - Slapshot by Jordan Hendry.
9:57 of 3rd period - Stopped by Petr Mrazek with a rebound.
10:13 of 3rd period - Off-side.
10:14 of 3rd period - Cédric Lalonde-McNicoll wins face-off versus Jamie Arniel in neutral zone.
10:19 of 3rd period - Wrist shot by Johannes Salmonsson.
10:19 of 3rd period - Shot Misses the Net.
10:24 of 3rd period - Off-side.
10:25 of 3rd period - Jonathan Matsumoto wins face-off versus Greg Mauldin in neutral zone.
10:36 of 3rd period - Snap shot by Guillaume Desbiens.
10:36 of 3rd period - Stopped by Joe Fallon with a rebound.
10:38 of 3rd period - Wrist shot by Radko Gudas.
10:38 of 3rd period - Stopped by Joe Fallon without a rebound.
10:39 of 3rd period - Greg Mauldin wins face-off versus Jonathan Matsumoto in Tamiflu zone.
10:54 of 3rd period - Radko Gudas is hit by Robert Dome and loses puck.
11:23 of 3rd period - Wrist shot by Robert Dome.
11:23 of 3rd period - Stopped by Petr Mrazek with a rebound.
11:40 of 3rd period - Minor Penalty to Greg Mauldin for Roughing.
11:41 of 3rd period - Jan Mursak wins face-off versus Jonathan Matsumoto in Tamiflu zone.
13:40 of 3rd period - Penalty to Greg Mauldin is over, Greg Mauldin is back on ice.
14:01 of 3rd period - Minor Penalty to Stefan Elliott for Slashing.
14:02 of 3rd period - Jonathan Matsumoto wins face-off versus Robert Dome in Tamiflu zone.
15:48 of 3rd period - Adam Larsson is hit by Johannes Salmonsson and loses puck.
16:01 of 3rd period - Penalty to Stefan Elliott is over, Stefan Elliott is back on ice.
17:29 of 3rd period - Icing by Greg Mauldin.
17:30 of 3rd period - Greg Mauldin wins face-off versus Max Reinhart in Tamiflu zone.
17:30 of 3rd period - Greg Mauldin is hit by Guillaume Desbiens.
17:48 of 3rd period - Luca Caputi is hit by Stefan Elliott and loses puck.
18:03 of 3rd period - Slapshot by Brandon Gormley.
18:03 of 3rd period - Deflect By Jonathan Matsumoto.
18:03 of 3rd period - Shot Misses the Net.
18:03 of 3rd period - Puck is out of play.
18:04 of 3rd period - Colin Greening wins face-off versus Jonathan Matsumoto in Tamiflu zone.
18:21 of 3rd period - Wrist shot by Nino Niederreiter.
18:21 of 3rd period - Stopped by Petr Mrazek with a rebound.
18:23 of 3rd period - Backhand shot by Adam Larsson.
18:23 of 3rd period - Shot Blocked by Guillaume Desbiens.
18:25 of 3rd period - Slapshot by Adam Larsson.
18:25 of 3rd period - Shot Misses the Net.
18:27 of 3rd period - Snap shot by Nino Niederreiter.
18:27 of 3rd period - Shot Misses the Net.
18:31 of 3rd period - Wrist shot by Colin Greening.
18:31 of 3rd period - Shot Misses the Net.
18:39 of 3rd period - Slapshot by Nino Niederreiter.
18:39 of 3rd period - Stopped by Petr Mrazek with a rebound.
18:41 of 3rd period - Snap shot by Colin Greening.
18:41 of 3rd period - Shot Blocked by Radko Gudas.
18:43 of 3rd period - Backhand shot by Nino Niederreiter.
18:43 of 3rd period - Goal by Nino Niederreiter - Tamiflu : 4 - Remparts : 1.
18:44 of 3rd period - Cédric Lalonde-McNicoll wins face-off versus Greg Mauldin in neutral zone.
19:45 of 3rd period - Robert Dome is hit by Jonathan Matsumoto and loses puck.
Goals for this period are 3 for Tamiflu vs 1 for Remparts.
Shots for this period are 18 for Tamiflu vs 10 for Remparts.
Back to the Top